 Dungeon Crawl Stone Soup version 0.29-a0-321-gf1c400731a (webtiles) character file.

Game seed: 5453774897796976236

3787 Murumi the Fighter (level 10, -7/76 HPs)
             Began as a Djinni Hunter on Apr 3, 2022.
             Was a Priest of Okawaru.
             Mangled by an eight-headed hydra (10 damage)
             ... on level 9 of the Dungeon.
             The game lasted 00:27:11 (9955 turns).

Murumi the Fighter (Djinni Hunter)                  Turns: 9955, Time: 00:27:12

Health: -7/76      AC:  9    Str: 10    XL:     10   Next: 38%
Gold:   312        EV: 22    Int:  9    God:    Okawaru [***...] SH:  0 Dex: 21

rFire   + + .      SeeInvis .   a - +2 arbalest (flame)
rCold   x . .      Faith    .   (shield currently unavailable)
rNeg    + + .      Spirit   .   i - +2 leather armour {rPois}
rPois   ∞          Reflect  .   j - +2 helmet of the Black Moon {Fly rN++ Will+ Int-2}
rElec   .          Harm     .   (no cloak)
rCorr   .          Rampage  .   (no gloves)
Will    +++..                   (boots unavailable)
Stlth   +++++.....              (no amulet)
HPRegen 0.22/turn               g - ring of willpower
MPRegen 0.00/turn               b - +4 ring of evasion

@: heroic, flying, hasted, studying Spellcasting, very quick
A: sickness immunity, fire resistance 2, cold vulnerability 1, float, innate
caster, HP casting, extra vitality 1
a: Renounce Religion, Heroism


You were on level 9 of the Dungeon.
You worshipped Okawaru.
Okawaru was most pleased with you.
You visited 2 branches of the dungeon, and saw 10 of its levels.

You collected 409 gold pieces.
You spent 97 gold pieces at shops.

Inventory:

Hand Weapons
 a - a +2 arbalest of flaming (weapon)
Armour
 e - a +0 ring mail
 i - a +2 leather armour of poison resistance (worn)
 j - the +2 helmet of the Black Moon (worn) {Fly rN++ Will+ Int-2}
   (You found it on level 2 of the Dungeon)

   Int:       It affects your intelligence (-2).
   rN:        It greatly protects you from negative energy.
   Fly:       It grants you flight.
   Will:      It increases your willpower.
Jewellery
 b - a +4 ring of evasion (right hand)
 g - a ring of willpower (left hand)
 o - a ring of resist corrosion
 q - a +6 ring of intelligence
Wands
 h - a wand of iceblast (6)
 n - a wand of digging (4)
 r - a wand of flame (37)
Scrolls
 c - a scroll of immolation
 p - a scroll of teleportation
 t - a scroll of magic mapping
Potions
 d - a potion of cancellation
 f - a potion of lignification
 k - 3 potions of curing
 l - a potion of might
 m - 3 potions of brilliance
 s - a potion of haste


   Skills:
 - Level 8.0(13.0) Fighting
 - Level 5.0(10.0) Crossbows
 - Level 4.0(9.0) Armour
 - Level 4.0(9.0) Dodging
 + Level 6.1(11.1) Stealth
 - Level 4.0 Spellcasting
 - Level 4.0 Invocations
 - Level 4.0 Evocations


You had 9 spell levels left.
You knew the following spells:

 Your Spells              Type           Power      Damage    Failure   Level
a - Wereblood             Tmut           9%         N/A       10%         2
b - Corpse Rot            Necr/Air       18%        N/A       10%         2
c - Sandblast             Erth           18%        2d7       7%          1
d - Call Canine Familiar  Summ           9%         N/A       21%         3
Your spell library was empty.

Dungeon Overview and Level Annotations

Branches:
Dungeon (9/15)             Temple (1/1) D:5             Orc (0/2) D:9
   Lair: D:8-11

Altars:
Ashenzari
Cheibriados
Dithmenos
Elyvilon
Fedhas
Gozag
Hepliaklqana
Kikubaaqudgha
Makhleb
Nemelex Xobeh
Okawaru
Qazlal
Ru
Sif Muna
Trog
Uskayaw
Vehumet
Wu Jian
Xom
Yredelemnul
Zin
The Shining One

Shops:
D:5 *


Innate Abilities, Weirdness & Mutations

You are immune to sickness and miasma.
You are immune to poison.
Your flesh is very heat resistant. (rF++)
You are vulnerable to cold. (rC-)
You float through the air rather than walking.
You learn spells naturally, not from books.
Your magical power is your life essence.
You have superior vitality. (+4 MHP)


Message History

You kill the orc!
Okawaru accepts your kill.
You hear a roar!
An eight-headed hydra comes into view.
The warg bites you but does no damage.
The warg stops to sniff the ground.
The warg misses you.
You shoot a bolt. The bolt closely misses the warg.
The bolt hits the eight-headed hydra.
The bolt burns the eight-headed hydra.
The eight-headed hydra is lightly wounded.
The warg bites you but does no damage. The warg misses you.
You gain the combat prowess of a mighty hero.
The warg bites you!
You shoot a bolt. The bolt hits the warg!!
The bolt burns the warg.
The warg is almost dead.
You hear a shout!
The warg misses you.
The deep elf pyromancer mumbles some strange words.
An orc warrior comes into view. It is wielding a +0 short sword.
The warg completely misses you.
You shoot a bolt. The bolt barely misses the warg.
The bolt barely misses the eight-headed hydra.
The bolt hits the orc warrior!
The bolt burns the orc warrior.
The orc warrior is moderately wounded.
The warg barely misses you.
You shoot a bolt. The bolt hits the eight-headed hydra.
The bolt burns the eight-headed hydra.
The eight-headed hydra is lightly wounded.
The deep elf pyromancer casts a spell.
The deep elf pyromancer blinks!
The eight-headed hydra bites you! x2
The eight-headed hydra misses you. The eight-headed hydra bites you. x2
The eight-headed hydra misses you. The eight-headed hydra bites you!
* * * LOW HITPOINT WARNING * * *
The eight-headed hydra bites you!
* * * LOW HITPOINT WARNING * * *
Okay, then.
Unknown command.
Okay, then.
You feel yourself speed up. The eight-headed hydra bites you!
You die...

... #....)............
....##......).... ...).
........?##.)... ....#
.........##[)).# ....##
............)e.##......
.............○..o.....
........#....○○h......
#.###...#.####D######
###.#........#.@...#
.......<.......#.#.#
#####........<.......
......#...##.#.#.###
######...####.....#
##.## ##.#. . .# . .# #
.# ## ##


You could see an eight-headed hydra, a warg and an orc warrior.

Vanquished Creatures
  A cyclops (D:6)
  Pikel (D:6)
  Maggie (D:8)
  A hornet (D:9)
  A shadow (D:6)
  Eustachio (D:5)
  2 steam dragons
  A water moccasin (D:6)
  An orc warrior (D:8)
  2 sky beasts
  A black bear (D:5)
  An ice beast (D:6)
  A centaur (D:6)
  2 necrophages
  A bullfrog (D:7)
  7 wights (D:7)
  A jelly (D:6)
  2 hounds
  3 orc priests
  Jessica (D:2)
  Natasha (thrice) (D:3)
  9 orc wizards
  6 adders
  4 gnolls (D:3)
  2 shadow imps
  2 white imps
  2 ufetubi
  2 worms
  A dart slug (D:3)
  23 orcs
  4 ball pythons
  7 endoplasms
  A giant cockroach (D:1)
  8 goblins
  7 hobgoblins
  10 jackals
  11 kobolds
  4 quokkas
  6 bats
  3 frilled lizards
  5 rats
152 creatures vanquished.

Vanquished Creatures (collateral kills)
  An adder (D:4)
  An orc (D:4)
2 creatures vanquished.

Grand Total: 154 creatures vanquished

Notes
Turn   | Place    | Note
-------+----------+-------------------------------------------
     0 | D:1      | Murumi the Djinni Hunter began the quest for the Orb.
     0 | D:1      | Reached XP level 1. HP: 18/18 MP: 0/0
    62 | D:1      | Reached skill level 1 in Stealth
   202 | D:1      | Reached XP level 2. HP: 13/23 MP: 0/0
   388 | D:1      | Found a faded altar of an unknown god.
   929 | D:1      | Reached XP level 3. HP: 28/28 MP: 0/0
   929 | D:1      | Learned a level 1 spell: Sandblast
  1621 | D:2      | Noticed Jessica
  1623 | D:2      | Killed Jessica
  1624 | D:2      | Reached skill level 1 in Armour
  1624 | D:2      | Reached XP level 4. HP: 33/33 MP: 0/0
  2043 | D:2      | Reached XP level 5. HP: 39/39 MP: 0/0
  2043 | D:2      | Learned a level 2 spell: Corpse Rot
  2168 | D:2      | Identified the +2 helmet of the Black Moon {Fly rN++ Will+
                  | Int-2}
  2426 | D:3      | Noticed Natasha
  2436 | D:3      | Killed Natasha
  2437 | D:3      | Reached skill level 3 in Fighting
  2739 | D:3      | Found a sparkling altar of Nemelex Xobeh.
  2762 | D:3      | Reached skill level 1 in Spellcasting
  3110 | D:3      | Reached XP level 6. HP: 46/46 MP: 0/0
  3120 | D:3      | Found a glowing silver altar of Zin.
  3123 | D:3      | Noticed Natasha
  3144 | D:3      | Killed Natasha
  3551 | D:3      | Noticed Natasha
  3556 | D:3      | Killed Natasha
  4505 | D:4      | Found a broken altar of Ashenzari.
  4516 | D:4      | Found a glowing golden altar of the Shining One.
  4673 | D:5      | Entered Level 5 of the Dungeon
  4684 | D:5      | Noticed Eustachio
  4684 | D:5      | Found a staircase to the Ecumenical Temple.
  4695 | D:5      | Killed Eustachio
  4696 | D:5      | Reached skill level 4 in Fighting
  4696 | D:5      | Reached XP level 7. HP: 52/52 MP: 0/0
  4696 | D:5      | Learned a level 2 spell: Wereblood
  4705 | Temple   | Entered the Ecumenical Temple
  4966 | Temple   | Became a worshipper of Warmaster Okawaru
  5059 | D:5      | Reached skill level 1 in Invocations
  5476 | D:5      | Identified a scroll of acquirement
  5476 | D:5      | Acquired a manual of Spellcasting
  5614 | D:5      | Found Veisaalir's Assorted Antiques.
  5624 | D:5      | Bought a smoky sapphire potion for 22 gold pieces
  5624 | D:5      | Bought a scroll of identify for 50 gold pieces
  5624 | D:5      | Bought a scroll labelled EMOPTI XACEFA for 25 gold pieces
  6114 | D:5      | Reached skill level 5 in Fighting
  6132 | D:5      | Reached XP level 8. HP: 40/59 MP: 0/0
  6412 | D:6      | Noticed a cyclops
  6415 | D:6      | Reached * piety under Okawaru
  6416 | D:6      | Reached skill level 1 in Evocations
  6434 | D:6      | Killed a cyclops
  6434 | D:6      | Reached ** piety under Okawaru
  6435 | D:6      | Reached skill level 5 in Stealth
  6435 | D:6      | Reached skill level 6 in Fighting
  6709 | D:6      | Noticed Pikel
  6736 | D:6      | Killed Pikel
  6737 | D:6      | Reached XP level 9. HP: 25/66 MP: 0/0
  6737 | D:6      | Learned a level 3 spell: Call Canine Familiar
  7386 | D:6      | Acquired a +2 arbalest of flaming
  7840 | D:7      | Reached skill level 7 in Fighting
  7848 | D:7      | Reached *** piety under Okawaru
  8031 | D:6      | Reached skill level 5 in Crossbows
  8283 | D:7      | Reached XP level 10. HP: 65/75 MP: 0/0
  9117 | D:8      | Noticed Maggie
  9137 | D:8      | Killed Maggie
  9138 | D:8      | Reached skill level 8 in Fighting
  9922 | D:9      | Found a staircase to the Orcish Mines.
  9942 | D:9      | Noticed a deep elf pyromancer
  9949 | D:9      | Noticed an eight-headed hydra
  9954 | D:9      | HP: 3/76 [eight-headed hydra (13)]
  9955 | D:9      | Mangled by an eight-headed hydra

Illustrated notes

Levels and vault maps discovered:
D:1:      lemuel_arrival_tunnels, layout_basic, basic_ecumenical_altar,
          kennysheep_nondescript
D:2:      layout_rooms, st_stairs_10, minivault_4, uniq_jessica
D:3:      layout_loops_corners, mainiacjoe_overflow_tiny_flanked,
          nemelex_xobeh_ov_fountains_minmay, uniq_natasha
D:4:      layout_rooms, minitemple, grunt_decor_cap, corexii_shack,
          lemuel_another_geyser
D:5:      layout_gridville, minmay_temple_entry_statues_fountains, serial_shops,
          nicolae_shop_overgrown_old_shop, uniq_eustachio
D:6:      layout_basic, minmay_manual_monolith, uniq_pikel
D:7:      layout_layer_cave
D:8:      layout_rooms, uniq_maggie
D:9:      layout_loops_ring, erik_orc_4, minmay_shop_damaged
Temple:   dpeg_five_rooms_temple

Skill      XL: |  1  2  3  4  5  6  7  8  9 10 |
---------------+-------------------------------+-----
Stealth        | 1 2 3 4 5 6 |  6.1
Crossbows      | 4 5 |  5.0
Dodging        | 3 4 |  4.0
Armour         | 1 2 3 4 |  4.0
Fighting       | 3 4 5 6 7 8 |  8.0
Spellcasting   | 1 4 |  4.0
Invocations    | 2 3 4 |  4.0
Evocations     | 3 4 |  4.0

Action                   |  1- 3 |  4- 6 |  7- 9 | 10-12 || total
-------------------------+-------+-------+-------+-------++-------
 Fire: Hand crossbow     |    63 |   194 |   180 |       ||   437
       Arbalest          |       |       |    57 |    73 ||   130
Invok: Heroism           |       |       |     3 |     3 ||     6
  Use: Scroll            |     6 |     8 |     8 |     2 ||    24
       Potion            |       |       |     2 |     1 ||     3
Armor: Leather armour    |     5 |    26 |    75 |     8 ||   114
       Skin              |       |       |     3 |       ||     3
Dodge: Dodged            |    16 |    52 |   128 |    36 ||   232
Block: Buckler           |       |    10 |    23 |       ||    33

Table legend: (Time is in decaauts)
 A = Elapsed time spent in this place.
 B = Non-inter-level travel time spent in this place.
 C = Inter-level travel time spent in this place.
 D = Time resting spent in this place.
 E = Time spent auto-exploring this place.
 F = Levels seen in this place.
 G = Mean time per level.
                   A        B        C        D        E       F      G
               +--------+--------+--------+--------+--------+-----+--------+
         Total |  10201 |   9638 |    563 |      3 |   8301 |  10 | 1020.1 |
       Dungeon |   9911 |   9380 |    531 |      3 |   8053 |   9 | 1101.2 |
        Temple |    290 |    259 |     31 |      0 |    248 |   1 |  290.0 |
               +--------+--------+--------+--------+--------+-----+--------+

Top non-repeatable levels by time:
     D:6: 1798 daAuts
     D:3: 1643 daAuts
     D:1: 1565 daAuts
     D:5: 1385 daAuts
     D:7: 1080 daAuts
     D:8: 809 daAuts
     D:4: 786 daAuts
     D:2: 786 daAuts
  Temple: 290 daAuts
     D:9: 55 daAuts
